Map: Ulrena

Players

Smile

  • Race: Terran Terran
  • League: Grandmaster

Boombox - Winner!

  • Race: Protoss Protoss
  • League: Grandmaster

Event: NationWars III

VOD

Have the link to the VOD?

Description

Time

  • Played on: Nov. 22, 2015, 12:37 p.m.
  • Length: 7:37

All games in this series

Show
View Real Time Build Order
Export as new Build Order

Smile Terran 

Build Orders:  

Get SALT Encoding   

  12  0:01  SCV  
  13  0:13  SCV  
  14  0:19  Supply Depot  
  14  0:25  SCV  
  15  0:40  SCV  
  16  0:42  Barracks  
  16  0:47  Refinery  
  16  0:53  SCV  
  17  1:05  SCV  
  18  1:17  SCV  
  19  1:32  Orbital Command  
  19  1:33  Barracks Reactor  
  19  2:00  Command Center  
  19  2:03  SCV  
  19  2:04  Supply Depot  
  20  2:09  Reaper x2  
  20  2:15  SCV  
  23  2:27  SCV  
  24  2:34  Barracks  
  24  2:39  SCV  
  25  2:45  Marine x2  
  27  2:51  SCV  
  27  3:03  SCV, Marine x2  
  28  3:14  Factory  
  28  3:15  SCV  
  28  3:21  Marine x2  
  28  3:23  Barracks Tech Lab  
  29  3:28  SCV  
  29  3:39  Marine x2  
  29  3:40  SCV  
  29  3:41  Bunker  
  30  3:48  Marine  
  30  3:54  SCV  
  29  3:57  Marine x2  
  29  3:59  Factory Tech Lab  
  29  4:01  SCV  
  32  4:06  Marine  
  32  4:07  SCV  
  33  4:14  Marine x2, Orbital Command  
  31  4:22  Cyclone  
  31  4:24  Marine  
  32  4:31  Supply Depot  
  32  4:32  Marine x2  
  33  4:50  Stimpack  
  31  4:53  SCV, Marine x2  
  31  4:58  Marine  
  35  5:01  SCV  
  33  5:11  Marine  
  33  5:12  Barracks  
  33  5:15  Marine  
  34  5:24  SCV  
  33  5:28  Marine  
  33  5:29  SCV  
  33  5:33  Marine  
  33  5:37  SCV  
  33  5:39  Orbital Command  
  34  5:46  Marine  
  35  5:51  Marine  
  35  5:52  SCV  
  35  6:04  SCV, Marine  
  35  6:09  Marine  
  38  6:14  Orbital Command  
  38  6:22  SCV, Cyclone, Marine  
  38  6:25  Supply Depot  
  43  6:27  Marine  
  44  6:34  SCV  
  45  6:40  Marine  
  45  6:44  Marine  
  45  6:46  SCV  
  35  6:57  Marine  
  35  6:59  SCV  
  31  7:02  Marine  
  31  7:06  SCV  
  26  7:15  Marine  
  24  7:24  SCV  
Show
View Real Time Build Order
Export as new Build Order

Boombox Protoss - Winner!

Build Orders: 1 Gate Expand 

Get SALT Encoding   

  12  0:01  Probe (Chrono Boost)  
  13  0:11  Probe (Chrono Boost)  
  14  0:18  Pylon  
  14  0:22  Probe (Chrono Boost)  
  15  0:36  Probe (Chrono Boost)  
  15  0:37  Gateway  
  16  0:47  Probe (Chrono Boost), Assimilator  
  17  0:57  Probe (Chrono Boost)  
  18  1:08  Probe (Chrono Boost)  
  19  1:27  Nexus  
  19  1:32  Probe (Chrono Boost)  
  20  1:36  Cybernetics Core  
  20  1:44  Probe (Chrono Boost)  
  21  1:54  Probe (Chrono Boost), Pylon  
  21  1:59  Assimilator  
  22  2:05  Probe (Chrono Boost)  
  23  2:12  Adept (Chrono Boost)  
  25  2:24  Mothership Core  
  27  2:34  Pylon  
  29  2:37  Adept (Chrono Boost)  
  29  2:40  Probe  
  29  2:41  Pylon  
  30  2:44  Warp Gate  
  30  2:45  Probe  
  31  2:51  Probe  
  31  2:57  Probe  
  33  3:02  Probe  
  34  3:09  Probe  
  34  3:12  Probe  
  36  3:21  Probe  
  36  3:23  Probe, Adept (Chrono Boost)  
  36  3:24  Stargate  
  40  3:33  Probe x2  
  42  3:42  Pylon  
  42  3:44  Probe  
  42  3:45  Probe  
  43  3:54  Probe  
  43  3:57  Pylon  
  43  3:58  Probe  
  45  4:05  Probe  
  46  4:10  Probe  
  46  4:15  Probe  
  47  4:22  Probe  
  47  4:23  Oracle  
  54  4:24  Adept (Chrono Boost)  
  54  4:26  Probe  
  55  4:34  Probe, Assimilator  
  55  4:36  Probe  
  55  4:46  Probe  
  55  4:47  Probe, Twilight Council  
  55  4:49  Gateway  
  55  4:50  Gateway  
  55  4:52  Pylon  
  57  4:57  Probe  
  57  4:58  Probe  
  57  5:08  Adept  
  57  5:10  Probe  
  61  5:16  Assimilator  
  60  5:23  Probe  
  60  5:24  Nexus  
  60  5:26  Pylon  
  59  5:28  Pylon  
  59  5:33  Probe, Adept  
  59  5:37  Pylon  
  59  5:39  Mothership Core, Oracle  
  64  5:43  Probe, Forge  
  65  5:54  Probe  
  66  6:00  Probe  
  61  6:04  Probe, Adept x3  
  68  6:12  Probe  
  68  6:15  Probe  
  68  6:21  Gateway  
  68  6:23  Gateway  
  68  6:24  Pylon  
  68  6:25  Gateway  
  68  6:32  Stalker  
  68  6:36  Pylon  
  68  6:38  Pylon  
  70  6:52  Stalker, Adept  
  72  6:59  Stalker  
  72  7:01  Probe  
  71  7:03  Probe  
  71  7:06  Probe  
  69  7:11  Assimilator  
  69  7:13  Assimilator  
  69  7:15  Robotics Facility  
  69  7:17  Stalker x3  
  75  7:27  Pylon  
  75  7:31  Stalker x3  
Tags
 
Add a new tag
Caveats
  • Supply blocks, unpowered buildings, or Contaminate may cause inaccurate times.
  • Supply counts are checked every 10 seconds.